 Dungeon Crawl Stone Soup version 0.18-a0-1797-gc18daef (webtiles) character file.

42 macross the Sneak (level 3, 0/18 HPs)
             Began as a Spriggan Assassin on Apr 22, 2016.
             Slain by a hippogriff (7 damage)
             ... on level 7 of the Dungeon.
             The game lasted 00:02:36 (778 turns).

macross the Sneak (Spriggan Assassin)                Turns: 778, Time: 00:02:36

Health: 0/18       AC:  3    Str:  7    XL:     3   Next: 35%
Magic:  4/4        EV: 17    Int: 12    God:
Gold:   29         SH:  0    Dex: 18    Spells: 0 memorised, 2 levels left

rFire  . . .     SeeInvis +     a - +2 dagger
rCold  . . .     Gourm    .     c - +0 robe
rNeg   . . .     Faith    .     (shield restricted)
rPois  .         Spirit   .     (helmet restricted)
rElec  .         Dismiss  .     d - +0 cloak
rCorr  .         Reflect  .     (gloves unavailable)
SustAt .         Harm     .     (boots unavailable)
MR     .....                    (no amulet)
Stlth  ++++......               (no ring)
                                (no ring)

@: very quick, not resistant to hostile enchantments, stealthy
A: unfitting armour, see invisible, herbivore 3, speed 3, slow metabolism 2
a: no special abilities


You were on level 7 of the Dungeon.
You were not hungry.

You visited 1 branch of the dungeon, and saw 7 of its levels.

You collected 29 gold pieces.

Inventory:

Hand Weapons
 a - a +2 dagger (weapon)
 b - a +0 blowgun
Missiles
 e - 8 poisoned needles
 f - 2 curare-tipped needles
Armour
 c - a +0 robe (worn)
 d - a +0 cloak (worn)
Scrolls
 h - a scroll of blinking {unknown}
 i - a scroll of teleportation {unknown}
 j - a scroll of remove curse {unknown}
Potions
 k - a potion of curing {unknown}
Comestibles
 g - a bread ration


   Skills:
 + Level 1.7 Fighting
 * Level 2.6 Short Blades
 - Level 2.0 Throwing
 + Level 1.7 Dodging
 * Level 7.3 Stealth


You had 2 spell levels left.
You didn't know any spells.

Dungeon Overview and Level Annotations

Branches:
Dungeon (7/15)
 Temple: D:4-7

Altars:


Innate Abilities, Weirdness & Mutations

You are tiny and cannot use many weapons and most armour.
You have supernaturally acute eyesight.
You are a herbivore.
You cover ground extremely quickly.
You need consume almost no food.


Message History

Found a buckler, a bread ration and a fuming brown potion.
There is a stone staircase leading up here.
You climb upwards.
You hear the sound of rushing water.
There is an entrance to a sewer on this level.
Hurry and find it before the portal rusts away!
The hound closely misses you.
There is a stone staircase leading down here.
The hound closely misses you.
There is a stone staircase leading down here.
An orc comes into view. It is wielding a flail.
You hear the slow rusting of a very distant drain.
There is a stone staircase leading down here.
You can't go up here!
You climb downwards.
A hippogriff comes into view.
Found a stone staircase leading up.
There is a stone staircase leading up here.
The hippogriff screeches!
The hippogriff bites you. The hippogriff pecks you!
You die...

. .. # ..# .#
.. ..#
#.######..#
#..<..@H.#
...........###
..#<######.# #
#.# #.. ###.
.# #


You could see a hippogriff.

Vanquished Creatures
  A crimson imp (D:5)
  A worm (D:5)
  A giant cockroach (D:3)
  A goblin (D:2)
  A ball python (D:4)
  A rat (D:3)
6 creatures vanquished.

Notes
Turn   | Place    | Note
--------------------------------------------------------------
     0 | D:1      | macross the Spriggan Assassin began the quest for the Orb.
     0 | D:1      | Reached XP level 1. HP: 10/10 MP: 2/2
     8 | D:2      | Reached skill level 6 in Stealth
   512 | D:5      | Entered Level 5 of the Dungeon
   512 | D:5      | Noticed a crimson imp
   514 | D:5      | Noticed a crimson imp
   515 | D:5      | Killed a crimson imp
   515 | D:5      | Reached skill level 7 in Stealth
   515 | D:5      | Reached XP level 2. HP: 15/15 MP: 3/3
   515 | D:5      | Reached XP level 3. HP: 18/18 MP: 4/4
   696 | D:6      | Noticed a phantom
   700 | D:6      | Noticed an ice beast
   775 | D:7      | Noticed a hippogriff
   778 | D:7      | Slain by a hippogriff

Vault maps used:
D:1:      dpeg_arrival_line_fractal, kennysheep_minor_cross
D:2:      grunt_temple_overflow_cloverleaf, minmay_distorted, uniq_terence
D:3:      grunt_temple_overflow_champion_of_chaos, first_bread
D:4:      nicolae_overflow_hidden_temple, minivault_25, okawaru_gym_becter
D:5:      old_standard_altar
D:6:      portal_sewer_entry_d, johnstein_pakellas_shop, uniq_sigmund
D:7:      minmay_temple_entry_oklob, serial_shops, kennysheep_little_box,
          grunt_ogre_cave

Skill      XL: |  1 |
---------------+----+-----
Stealth        | 7 |  7.3
Fighting       | |  1.7
Short Blades   | |  2.6
Throwing       | |  2.0
Dodging        | |  1.7

Action                   || total
-------------------------++-------
Melee: Dagger            ||    16
 Stab: Sleeping          ||     4
Armor: Robe              ||     2
Dodge: Dodged            ||    19
